 Dungeon Crawl Stone Soup version 0.29.1-2-gbd0b4ee654 (webtiles) character file.

Game seed: 16557623098388080947

398 Godmorgon the Trooper (level 7, -6/55 HPs)
             Began as a Formicid Abyssal Knight on Oct 24, 2022.
             Was a Priest of Lugonu.
             Mangled by an ogre
             ... wielding a +0 giant club
              (21 damage)
             ... on level 5 of the Dungeon.
             The game lasted 00:15:55 (5762 turns).

Godmorgon the Trooper (Formicid Abyssal Knight)     Turns: 5762, Time: 00:15:56

Health: -6/55      AC:  6    Str: 16 (19) XL:     7   Next: 10%
Magic:  10/10      EV: 11    Int: 16      God:    Lugonu [***...]
Gold:   172        SH:  0    Dex: 11 (14) Spells: 4/6 levels left

rFire   . . .      SeeInvis +   p - +0 flail
rCold   . . .      Faith    .   (no shield)
rNeg    . . .      Spirit   .   l - +0 leather armour
rPois   .          Reflect  .   (helmet unavailable)
rElec   .          Harm     .   (no cloak)
rCorr   .          Rampage  .   (no gloves)
Will    .....                   s - +2 pair of boots
Stlth   +.........              (no amulet)
HPRegen 0.18/turn               c - +6 ring of intelligence
MPRegen 0.12/turn               (no ring)

@: no status effects
A: permanent stasis, dig shafts and tunnels, antennae 3, four strong arms, noise
suppression
a: Dig, Shaft Self, Renounce Religion, Depart the Abyss, Bend Space, Banish


You were on level 5 of the Dungeon.
You worshipped Lugonu.
Lugonu was most pleased with you.
You visited 1 branch of the dungeon, and saw 5 of its levels.
You visited the Abyss 1 time.

You collected 172 gold pieces.

Inventory:

Hand Weapons
 a - a +1 mace
 b - a +2 vampiric dagger
 p - a +0 flail (weapon)
Missiles
 y - 2 poisoned darts (quivered)
Armour
 l - a +0 leather armour (worn)
 s - a +2 pair of boots (worn)
Jewellery
 c - a +6 ring of intelligence (left hand)
Wands
 z - a wand of acid (15)
Scrolls
 k - a scroll of fog
 n - a scroll of immolation
 o - a scroll of enchant weapon {unknown}
 q - a scroll of silence {unknown}
 t - a scroll of poison {unknown}
 u - 2 scrolls of magic mapping {unknown}
 w - a scroll of teleportation {unknown}
 x - a scroll of blinking {unknown}
Potions
 d - a potion of cancellation {unknown}
 e - a potion of attraction
 f - a potion of might
 g - a potion of mutation
 h - 3 potions of heal wounds
 i - 2 potions of curing
 j - a potion of flight {unknown}
 r - a potion of ambrosia {unknown}


   Skills:
 + Level 4.6 Fighting
 * Level 4.6 Maces & Flails
 - Level 2.1 Armour
 - Level 0.8 Dodging
 * Level 3.2 Transmutations
 + Level 4.1 Invocations


You had 4 spell levels left.
You knew the following spells:

 Your Spells              Type           Power      Damage    Failure   Level
w - Wereblood             Tmut           10%        N/A       12%         2

Your spell library contained the following spells:

 Spells                   Type           Power      Damage    Failure   Level
 Beastly Appendage        Tmut           20%        N/A       9%          1
 Spider Form              Tmut/Pois      5%         N/A       43%         3


Dungeon Overview and Level Annotations

Branches:
Dungeon (5/15)
 Temple: D:4-7

Altars:
Cheibriados
Dithmenos
Hepliaklqana
Kikubaaqudgha

Annotations:
D:3 1 runed translucent door, lotum's ghost, amateur DjGl


Innate Abilities, Weirdness & Mutations

You cannot be hasted, slowed, berserked, paralysed or teleported.
You can dig through walls and to a lower floor.
You have a pair of large antennae on your head. (SInv)
Your four strong arms can wield two-handed weapons with a shield.
You passively dampen the noise of your surroundings.


Message History

Lugonu accepts your kill.
There is an open door here.
y - 6 poisoned darts (gained 2)
The ogre shouts!
Throw: 6 darts (poison)
Press: ? - help, Q - select action, (/) - cycle Shift-Dir - straight line, f - ogre
Aim: an ogre, wielding a +0 giant club (73% to hit)
You throw a poisoned dart.
The poisoned dart barely misses the ogre.
Throw: 5 darts (poison)
Press: ? - help, Q - select action, (/) - cycle Shift-Dir - straight line, f/p - ogre
Aim: an ogre, wielding a +0 giant club (73% to hit)
You throw a poisoned dart. The poisoned dart hits the ogre.
Throw: 4 darts (poison)
Press: ? - help, Q - select action, (/) - cycle Shift-Dir - straight line, f/p - ogre
Aim: an ogre, wielding a +0 giant club (73% to hit)
You throw a poisoned dart.
The poisoned dart completely misses the ogre.
Throw: 3 darts (poison)
Press: ? - help, Q - select action, (/) - cycle Shift-Dir - straight line, f/p - ogre
Aim: an ogre, wielding a +0 giant club (73% to hit)
You throw a poisoned dart. The poisoned dart hits the ogre.
The ogre is poisoned.
You hit the ogre.
The ogre is lightly wounded.
The ogre hits you with a +0 giant club!!
You barely miss the ogre.
The ogre is moderately wounded.
You barely miss the ogre. You punch the ogre.
The ogre is moderately wounded.
The ogre hits you with a +0 giant club!!
* * * LOW HITPOINT WARNING * * *
The ogre looks more healthy.
You barely miss the ogre.
The ogre is heavily wounded.
The ogre closely misses you.
You hit the ogre.
The ogre is heavily wounded.
The ogre hits you with a +0 giant club!!
You die...

...# #.###.##.#.####.# #
...###.###.........#.#.#
......................>#
....##.......(.(<......#
###.#########.####.#####
#..# #.....# #.# ##.###
#.##### #.# .....#
#.########.## .....#
#.......@O..# .....#
#...........# .....#
#...........# .....#
#...........# .....#
#.#####.##### .....#
#.....#.#
.....########'#.########
.......................#
.....).................#


You could see an ogre.

Vanquished Creatures
  A scorpion (D:3)
  A necrophage (D:4)
  2 hounds (D:5)
  An orc wizard (D:4)
  4 gnolls
  4 adders
  3 worms
  4 dart slugs
  8 orcs
  6 ball pythons
  8 bats
  5 endoplasms
  3 giant cockroaches
  6 goblins
  7 hobgoblins
  13 jackals
  5 quokkas
  5 kobolds
  2 rats
  A spectral orc (D:3)
89 creatures vanquished.

Vanquished Creatures (others)
  6 fungi (D:4)
  2 withered plants (D:3)
8 creatures vanquished.

Grand Total: 97 creatures vanquished

Notes
Turn   | Place    | Note
-------+----------+-------------------------------------------
     0 | Abyss:1  | Godmorgon the Formicid Abyssal Knight began the quest for
                  | the Orb.
     0 | Abyss:1  | Reached XP level 1. HP: 18/18 MP: 2/2
     1 | D:1      | Escaped the Abyss
   194 | D:1      | Reached XP level 2. HP: 22/24 MP: 3/3
   870 | D:1      | Reached XP level 3. HP: 28/29 MP: 3/5
  1359 | D:2      | Reached XP level 4. HP: 37/37 MP: 6/6
  2307 | D:2      | Reached *** piety under Lugonu
  2573 | D:2      | Learned a level 2 spell: Wereblood
  2778 | D:3      | Found a faded altar of an unknown god.
  2791 | D:3      | Found a runed translucent door.
  2791 | D:3      | Noticed lotum's ghost (amateur DjGl)
  2880 | D:3      | Gained mutation: You are clumsy. (Dex -2) [potion of
                  | mutation]
  2880 | D:3      | Gained mutation: You passively dampen the noise of your
                  | surroundings. [potion of mutation]
  2880 | D:3      | Lost mutation: You are clumsy. (Dex -2) [potion of
                  | mutation]
  2882 | D:3      | HP: 1/37 [poisoned by an adder]
  3348 | D:3      | Reached XP level 5. HP: 42/42 MP: 7/7
  3370 | D:3      | Found a shadowy altar of Dithmenos.
  3373 | D:3      | Found an ancient bone altar of Kikubaaqudgha.
  3556 | D:3      | Reached skill level 1 in Transmutations
  3656 | D:3      | Found a hazy altar of Hepliaklqana.
  3737 | D:3      | HP: 2/42 [poisoned by a scorpion]
  4115 | D:4      | Reached XP level 6. HP: 45/49 MP: 8/8
  4383 | D:4      | Found a snail-covered altar of Cheibriados.
  5415 | D:5      | Entered Level 5 of the Dungeon
  5501 | D:5      | Noticed an ogre
  5542 | D:5      | Reached XP level 7. HP: 33/55 MP: 10/10
  5762 | D:5      | Mangled by an ogre

Illustrated notes

Levels and vault maps discovered:
D:1:      dpeg_arrival_arbitrary_b, layout_loops_ring
D:2:      layout_basic, item_on_display_a
D:3:      layout_rooms, nicolae_hepliaklqana_monster_ancestors,
          nicolae_overflow_squiral, basic_ecumenical_altar,
          gammafunk_ghost_grave
D:4:      layout_rooms, mainiacjoe_overflow_boulevard
D:5:      layout_basic, kennysheep_mini_moat, uniq_crazy_yiuf_cottage

Skill      XL: |  1  2  3  4  5  6 |
---------------+-------------------+-----
Maces & Flails | 3 4 |  4.6
Invocations    | 3 4 |  4.1
Fighting       | 4 |  4.6
Transmutations | 2 3 |  3.2
Armour         | |  2.1
Dodging        | |  0.8

Action                   |  1- 3 |  4- 6 |  7- 9 || total
-------------------------+-------+-------+-------++-------
Melee: Mace              |    73 |    38 |       ||   111
       Punch             |     2 |     3 |     1 ||     6
       Dagger            |       |    70 |       ||    70
       Flail             |       |   159 |    12 ||   171
Throw: Dart              |       |       |     4 ||     4
 Cast: Wereblood         |       |     2 |       ||     2
  Use: Potion            |       |     4 |       ||     4
       Scroll            |       |     4 |     4 ||     8
 Stab: Sleeping          |       |     1 |       ||     1
Armor: Leather armour    |    22 |   105 |     1 ||   128
Dodge: Dodged            |    60 |   197 |     4 ||   261
